Cogmind - Beta 13 @@@ ROGUE MODE // 2024.07.12 @ 19:22:50 Player: APerTAS Result: Self-destructed Performance ------------- Evolutions (2) 1000 Regions Visited (6) 1200 Robots Destroyed (3) 15 Value Destroyed (30) 30 Prototype IDs (26) 520 Alien Tech Used (0) 0 Bonus (500) 500 TOTAL SCORE: 3265 Bonus ------- Pacifist 200 Aligned with FarCom 300 Cogmind --------- Core Integrity 527/550 Matter 210/300 Energy 100/100 System Corruption 0% Temperature Cool (0) Movement Flying (32) Location -8/Materials Parts ------- > --- POWER (3) -------- (None) > --- PROPULSION (3) --- VTOL Module Improved VTOL Module > --- UTILITY (3) ------ Lightpack 2.0 > --- WEAPON (2) ------- Maul > --- INVENTORY (40) --- Deuterium Engine Flight Unit Flight Unit Cooling System Reaction Control System Pulse Rifle EM Pulse Cannon Heavy Particle Cannon Advanced EMP Blaster Advanced EMP Blaster Improved Grenade Launcher Peak State ------------ > --- POWER ------------ Light Ion Engine > --- PROPULSION ------- Flight Unit VTOL Module Improved VTOL Module > --- UTILITY ---------- Lightpack 2.0 > --- WEAPON ----------- Pulse Rifle Maul > --- INVENTORY -------- Deuterium Engine Flight Unit Flight Unit Cooling System Reaction Control System Heavy Particle Cannon Advanced EMP Blaster Advanced EMP Blaster Improved Grenade Launcher [Rating: 45] Favorites ----------- Power Light Ion Engine Engine Light Ion Engine Propulsion Flight Unit Hover Unit Backup Propulsion III Flight Unit Flight Unit Utility Improved Sensor Array Device Improved Sensor Array Storage Lightpack 2.0 Protection Backup Plating III Weapon Pulse Rifle Energy Gun Pulse Rifle Launcher Improved Grenade Launcher Impact Weapon Maul Build | -11 -10 -9 -9 -9 -8 -8 ------- Run | Yrd Mat Mat Min Exi Min Mat Slots Evolved 4 | . . 2 . . . 2 Power 2 | . . 2 . . . . Propulsion 1 | . . . . . . 1 Utility 1 | . . . . . . 1 Weapon . | . . . . . . . Parts Attached 21 | . . 8 2 1 . 10 Power 7 | . . 4 1 . . 2 Engine 7 | . . 4 1 . . 2 Core . | . . . . . . . Reactor . | . . . . . . . Propulsion 6 | . . 3 . . . 3 Treads . | . . . . . . . Leg . | . . . . . . . Wheel . | . . . . . . . Hover . | . . . . . . . Flight 6 | . . 3 . . . 3 Utility 2 | . . 1 . . . 1 Device 1 | . . 1 . . . . Storage 1 | . . . . . . 1 Processor . | . . . . . . . Hackware . | . . . . . . . Protection . | . . . . . . . Artifact . | . . . . . . . Weapon 6 | . . . 1 1 . 4 Energy Gun 3 | . . . 1 . . 2 Energy Cannon . | . . . . . . . Ballistic Gun . | . . . . . . . Ballistic Cannon . | . . . . . . . Launcher 2 | . . . . 1 . 1 Special Weapon . | . . . . . . . Impact Weapon 1 | . . . . . . 1 Slashing Weapon . | . . . . . . . Piercing Weapon . | . . . . . . . Special Melee Weapon . | . . . . . . . Unidentified Prototypes 1 | . . . . . . 1 Parts Lost 2 | . . . . . . 2 Power 1 | . . . . . . 1 Propulsion 1 | . . . . . . 1 Utility . | . . . . . . . Weapon . | . . . . . . . Highest Loss Streak 2 | . . . . . . 2 To Critical Strikes . | . . . . . . . Average Slot Usage (%) 58 | . . 58 54 65 66 52 Engine 10 | . . 18 11 11 11 9 Flight 19 | . . 11 22 22 22 27 Device 9 | . . 3 11 11 11 . Energy Gun 9 | . . 8 10 11 11 4 Launcher 6 | . . . . 10 11 2 Naked Turns 122 | . 89 33 . . . . Heaviest Build 17 | . . 15 7 13 13 17 Greatest Support 16 | 3 3 16 8 8 8 13 Greatest Overweight (x) 3 | . . 3 . 1 1 1 Average Overweight (x) . | . . . . . 1 . Largest Inventory Capacity 40 | 5 5 5 5 5 5 40 Average Capacity 6 | 5 5 5 5 5 5 39 Most Carried 11 | . . 5 5 5 5 11 Average Carried 4 | . . 2 4 4 4 7 Final Capacity 40 | 5 5 5 5 5 5 40 Final Carried 11 | . . 5 4 5 5 11 Class Distribution -------------------- 56% | Mutant 32% | Skirmisher 6% | Scavenger-Mutant 4% | Hauler-Sprinter Dominant Class ---------------- Mutant | -10/Materials Scavenger-Mutant | -9/Materials Mutant | -9/Mines Mutant | -9/Exiles Skirmisher | -8/Mines Hauler-Sprinter | -8/Materials Resources | -11 -10 -9 -9 -9 -8 -8 ----------- Run | Yrd Mat Mat Min Exi Min Mat Matter Collected 310 | . . 62 55 193 . . Remotely . | . . . . . . . Salvage Created 48 | . . 48 . . . . Parts 7 | . . 7 . . . . Haulers Intercepted . | . . . . . . . Recyclers Shooed . | . . . . . . . Parts Field Recycled . | . . . . . . . Retrieved Matter . | . . . . . . . Parts Self-Destructed . | . . . . . . . Prevented . | . . . . . . . Kills | -11 -10 -9 -9 -9 -8 -8 ------- Run | Yrd Mat Mat Min Exi Min Mat Combat Hostiles Destroyed 3 | . . 3 . . . . Guns 3 | . . 3 . . . . Classes Destroyed 1 | . . 1 . . . . Swarmer 3 | . . 3 . . . . Best Kill Streak 3 | . . 3 . . . . Combat Bots Only 3 | . . 3 . . . . Max Kills in Single Turn 1 | . . 1 . . . . Gunslinging . | . . . . . . . Exploded . | . . . . . . . Melee . | . . . . . . . Uniques/NPCs Destroyed . | . . . . . . . Combat | -11 -10 -9 -9 -9 -8 -8 -------- Run | Yrd Mat Mat Min Exi Min Mat Hostile Shots Fired 86 | . 5 63 . . . 18 Missed 39 | . 3 29 . . . 7 Damage Taken 506 | . 98 276 . . . 132 Core 236 | . 98 115 . . . 23 Absorbed by Shields . | . . . . . . . Core Remaining (%) 77 | 100 60 . . . 71 . Volleys Fired 8 | . . 8 . . . . Largest 2 | . . 2 . . . . Hottest 80 | . . 80 . . . . Shots Fired 16 | . . 16 . . . . Gun 16 | . . 16 . . . . Cannon . | . . . . . . . Launcher . | . . . . . . . Special . | . . . . . . . Kinetic . | . . . . . . . Thermal 16 | . . 16 . . . . Explosive . | . . . . . . . Electromagnetic . | . . . . . . . Robot Hit Streak 2 | . . 2 . . . . Robot Miss Streak 9 | . . 9 . . . . Penetration Max . | . . . . . . . Secondary Targets . | . . . . . . . Shots Hit Robots 4 | . . 4 . . . . Core Hits 3 | . . 3 . . . . Critical Kills . | . . . . . . . Critical Parts Destroyed . | . . . . . . . Critical Strikes . | . . . . . . . Melee Attacks 2 | . . . . . . 2 Impact 2 | . . . . . . 2 Slashing . | . . . . . . . Piercing . | . . . . . . . Sneak Attacks . | . . . . . . . Combat Hostiles . | . . . . . . . Follow-up Attacks . | . . . . . . . Damage Inflicted 66 | . . 66 . . . . Guns 66 | . . 66 . . . . Cannons . | . . . . . . . Explosions . | . . . . . . . Melee . | . . . . . . . Ramming . | . . . . . . . Kinetic . | . . . . . . . Thermal 66 | . . 66 . . . . Explosive . | . . . . . . . Electromagnetic . | . . . . . . . Impact . | . . . . . . . Slashing . | . . . . . . . Piercing . | . . . . . . . Highest Corruption 1 | . 1 . . . . . Average Corruption 1 | . 1 . . . . . Corruption Purged . | . . . . . . . Corruption Blocked . | . . . . . . . Overload Shots . | . . . . . . . Overflow Damage . | . . . . . . . Projectiles . | . . . . . . . Explosions . | . . . . . . . Melee . | . . . . . . . Knockbacks . | . . . . . . . Impact . | . . . . . . . Kinetic . | . . . . . . . Secondary . | . . . . . . . Self-Inflicted Damage . | . . . . . . . Shots . | . . . . . . . Rammed . | . . . . . . . Targets Rammed . | . . . . . . . Kicked . | . . . . . . . Crushed . | . . . . . . . Highest Temperature 256 | . . 256 . . . 7 Average Temperature 131 | . . 134 . . . 7 Received Heat Transfer 57 | . 12 . . . . 45 Siege Activations . | . . . . . . . Robots Corrupted . | . . . . . . . Combat Hostiles . | . . . . . . . Parts Fried . | . . . . . . . Impact Corruptions . | . . . . . . . Robots Melted . | . . . . . . . Combat Hostiles . | . . . . . . . Parts Melted 1 | . . 1 . . . . Heat Transferred 185 | . . 185 . . . . Parts Sabotaged . | . . . . . . . Parts Stolen . | . . . . . . . Parts Stripped . | . . . . . . . Power Chain Reactions . | . . . . . . . Alert | -11 -10 -9 -9 -9 -8 -8 ------- Run | Yrd Mat Mat Min Exi Min Mat Peak Influence 132 | . 75 132 51 . . 60 Initial 51 | . . 31 51 . . . Average 31 | . 44 104 51 . . 12 Maximum Alert Level . | . . . . . . . Low Security (%) 100 | 100 100 100 100 . 100 100 Level 1 . | . . . . . . . Level 2 . | . . . . . . . Level 3 . | . . . . . . . Level 4 . | . . . . . . . Level 5 . | . . . . . . . High Security . | . . . . . . . Max Security . | . . . . . . . Squads Dispatched . | . . . . . . . Investigation . | . . . . . . . Extermination . | . . . . . . . Reinforcement . | . . . . . . . Assault . | . . . . . . . Garrison . | . . . . . . . Intercept . | . . . . . . . Searches Triggered . | . . . . . . . Construction Impeded . | . . . . . . . Haulers Reinforced . | . . . . . . . Active Scanning Responses . | . . . . . . . Cargo Convoy Interrupts . | . . . . . . . Stealth | -11 -10 -9 -9 -9 -8 -8 --------- Run | Yrd Mat Mat Min Exi Min Mat Distress Signals 3 | . 1 . . . . 2 Communications Jammed . | . . . . . . . Distress Signals . | . . . . . . . Times Spotted 25 | . 5 11 . . . 9 Peak Tracking Total 7 | . 4 6 . . . 7 Tactical Retreats 3 | . 1 1 . . . 1 Traps | -11 -10 -9 -9 -9 -8 -8 ------- Run | Yrd Mat Mat Min Exi Min Mat Traps Triggered 1 | . 1 . . . . . Indirectly . | . . . . . . . Trap Hack Attempts . | . . . . . . . Triggered . | . . . . . . . Disarmed 4 | . 4 . . . . . Reprogrammed . | . . . . . . . Reused . | . . . . . . . Traps Extracted . | . . . . . . . Installed . | . . . . . . . Triggered . | . . . . . . . Machines | -11 -10 -9 -9 -9 -8 -8 ---------- Run | Yrd Mat Mat Min Exi Min Mat Machines Disabled . | . . . . . . . Max in Single Turn . | . . . . . . . Machines Repaired . | . . . . . . . Machines Dismantled . | . . . . . . . Machines Sabotaged . | . . . . . . . Overloaded Fab Kills . | . . . . . . . Hacking | -11 -10 -9 -9 -9 -8 -8 --------- Run | Yrd Mat Mat Min Exi Min Mat Machines Accessed 4 | . 2 1 . 1 . . Terminals 2 | . 2 . . . . . Fabricators . | . . . . . . . Repair Stations 1 | . . 1 . . . . Recycling Units . | . . . . . . . Scanalyzers . | . . . . . . . Garrison Access . | . . . . . . . Total Hacks 9 | . 6 2 . 1 . . Successful 6 | . 4 1 . 1 . . Failed 3 | . 2 1 . . . . Catastrophic . | . . . . . . . Database Lockouts . | . . . . . . . Manual 2 | . . 1 . 1 . . Terminals 6 | . 6 . . . . . Fabricators . | . . . . . . . Repair Stations 2 | . . 2 . . . . Recycling Units . | . . . . . . . Scanalyzers . | . . . . . . . Garrison Access . | . . . . . . . Terminal Hacks 5 | . 4 . . 1 . . Prototype ID Bank 1 | . 1 . . . . . Disarm Traps 1 | . 1 . . . . . Maintenance Status 1 | . 1 . . . . . Zone Layout 1 | . 1 . . . . . Derelict Proto ID Bank 1 | . . . . 1 . . Fabricator Hacks . | . . . . . . . Repair Station Hacks 1 | . . 1 . . . . Refit 1 | . . 1 . . . . Recycling Unit Hacks . | . . . . . . . Scanalyzer . | . . . . . . . Garrison Access Hacks . | . . . . . . . Unauthorized Hacks . | . . . . . . . Terminals . | . . . . . . . Fabricators . | . . . . . . . Repair Stations . | . . . . . . . Recycling Units . | . . . . . . . Scanalyzers . | . . . . . . . Garrison Access . | . . . . . . . Data Cores Recovered . | . . . . . . . Used . | . . . . . . . Hacking Detections 2 | . 2 . . . . . Full Trace Events . | . . . . . . . Feedback Events . | . . . . . . . Feedback Blocked . | . . . . . . . Robot Schematics Acquired . | . . . . . . . Robots Built . | . . . . . . . Authchips . | . . . . . . . Time . | . . . . . . . Total Robot Build Rating . | . . . . . . . Part Schematics Acquired . | . . . . . . . Parts Built . | . . . . . . . Authchips . | . . . . . . . Time . | . . . . . . . Total Part Build Rating . | . . . . . . . Parts Repaired . | . . . . . . . Time . | . . . . . . . Parts Recycled . | . . . . . . . Recycled Matter . | . . . . . . . Retrieved Matter . | . . . . . . . Retrieved Components . | . . . . . . . Parts Scanalyzed . | . . . . . . . Part Schematics Acquired . | . . . . . . . Parts Damaged . | . . . . . . . Bothacking | -11 -10 -9 -9 -9 -8 -8 ------------ Run | Yrd Mat Mat Min Exi Min Mat Used RIF Installer . | . . . . . . . Robots Hacked . | . . . . . . . Non-combat . | . . . . . . . Combat . | . . . . . . . Robot Hacks Applied . | . . . . . . . Relay Couplers Released . | . . . . . . . Fabnet Peak Effective % . | . . . . . . . Robots Rewired . | . . . . . . . Allies Hacked . | . . . . . . . Hacks Repelled . | . . . . . . . Allies | -11 -10 -9 -9 -9 -8 -8 -------- Run | Yrd Mat Mat Min Exi Min Mat Total Allies 3 | . . . 3 . . . Largest Group 3 | . . . 3 3 3 3 Highest-Rated Group 40 | . . . 40 40 40 40 Highest-Rated Ally 16 | . . . 16 16 16 16 Total Orders . | . . . . . . . Ally Attacks 10 | . . . . . . 10 Total Damage 116 | . . . . . . 116 Kills 1 | . . . . . . 1 Allies Corrupted . | . . . . . . . Allies Melted . | . . . . . . . Intel | -11 -10 -9 -9 -9 -8 -8 ------- Run | Yrd Mat Mat Min Exi Min Mat Robot Analysis Total . | . . . . . . . Derelict Logs Recovered 1 | . . . 1 . . . Drone Launches . | . . . . . . . Drone Recoveries . | . . . . . . . Exploration | -11 -10 -9 -9 -9 -8 -8 ------------- Run | Yrd Mat Mat Min Exi Min Mat Turns Passed 1526 | 10 89 152 249 449 495 82 Spaces Moved 2004 | 20 178 220 590 461 382 153 Core 262 | 20 178 64 . . . . Treads . | . . . . . . . Legs . | . . . . . . . Wheels . | . . . . . . . Hover 12 | . . 12 . . . . Flight 1730 | . . 144 590 461 382 153 Fastest Speed 30 | 50 50 37 37 37 117 30 Average Speed 68 | 50 50 46 37 96 117 33 Slowest Speed 280 | 50 50 280 37 117 117 114 Overloaded Moves . | . . . . . . . Propulsion Burnouts . | . . . . . . . Robots Hopped 9 | . . 1 7 . . 1 Cave-ins Triggered . | . . . . . . . Exploration Rate (%) 47 | 3 40 19 96 78 87 12 Regions Visited 6 Branch Regions 3 Pre-discovered Areas 1 | . . . 1 . . . Known Exits Taken . | . . . . . . . Unknown Exits Taken 6 | 1 1 1 1 1 1 . Scrap Searched 2 | . . . 2 . . . Spaces Dug . | . . . . . . . Terrain Destroyed . | . . . . . . . Melee . | . . . . . . . Projectile . | . . . . . . . AOE . | . . . . . . . Terrain Rammed . | . . . . . . . Walls Destroyed . | . . . . . . . Machines Disabled . | . . . . . . . Actions | -11 -10 -9 -9 -9 -8 -8 --------- Run | Yrd Mat Mat Min Exi Min Mat Total 2141 | 19 177 253 616 465 430 181 Wait 77 | . . . 28 2 47 . Move 1980 | 19 177 217 575 460 381 151 Hop 9 | . . 1 7 . . 1 Pick Up 22 | . . 10 1 1 1 9 Fast Attach . | . . . . . . . Attach 13 | . . 2 2 1 . 8 Detach 9 | . . 1 1 . . 7 Swap 8 | . . 6 . . . 2 Drop 13 | . . 8 2 1 1 1 Fire 8 | . . 8 . . . . Melee 2 | . . . . . . 2 Ram . | . . . . . . . Kick . | . . . . . . . Crush . | . . . . . . . Escape Stasis . | . . . . . . . Rewire . | . . . . . . . Trap . | . . . . . . . Miscellaneous . | . . . . . . . Route ------- -11/Scrapyard -10/Materials -9/Materials -9/Mines (discovered 3 exits: [*Mat x2] / *Exi) -9/Exiles -8/Mines -8/Materials History --------- Turn | Location | Event 5 | -11/Scrapyard | Discovered new exit (range 13) 11 | -11/Scrapyard | Entered Materials 93 | -10/Materials | Discovered new exit (range 15) 100 | -10/Materials | Entered another Materials area 100 | -9/Materials | Evolved 2 slots: Power x2 245 | -9/Materials | Discovered new exit (range 16) 252 | -9/Materials | Entered Mines 269 | -9/Mines | Learned Materials security intel 286 | -9/Mines | Met a Derelict bent on vengeance 306 | -9/Mines | Discovered new exit (range 12) 313 | -9/Mines | Assisted by bots powering up and referring to "LRC-V3" 365 | -9/Mines | Learned location of Storage (-7) 365 | -9/Mines | Discovered new exit (range 5) 384 | -9/Mines | Deemed a non-threat by the Exiles lab entrance 385 | -9/Mines | Discovered new exit (range 5) 501 | -9/Mines | Entered Exiles 501 | -9/Exiles | Accompanied by 3 allies 511 | -9/Exiles | Met 8R-AWN 517 | -9/Exiles | Met EX-HEX 528 | -9/Exiles | Met EX-BIN 532 | -9/Exiles | Aligned with FarCom system 533 | -9/Exiles | Given EX-Vault access code 541 | -9/Exiles | Opened EX-Vault 547 | -9/Exiles | Found Lightpack 2.0 567 | -9/Exiles | Build established: Mutant 572 | -9/Exiles | Warned to stay clear of 0b10 Research branches 620 | -9/Exiles | Met EX-DEC 655 | -9/Exiles | Discovered new exit (range 10) 751 | -9/Exiles | Visited The Gauntlet 950 | -9/Exiles | Left Exiles lab with Lightpack 2.0 950 | -9/Exiles | Entered Mines 950 | -8/Mines | Accompanied by 3 allies 1213 | -8/Mines | Discovered new exit (range 8) 1251 | -8/Mines | Build established: Skirmisher 1445 | -8/Mines | Entered Materials 1445 | -8/Materials | Accompanied by 3 allies 1445 | -8/Materials | Evolved 2 slots: Propulsion x1, Utility x1 1527 | -8/Materials | Self-destructed Last Messages --------------- LOCATION=UNKNOWN GOAL=ESCAPE Receiving FarCom transmissions... Dropped Imp. Sensor Array. Loading Materials security intel (x10)... Acquired VTOL Module. Acquired Prototype Launcher. Acquired Cooling System. Acquired Prototype Launcher. Acquired Prototype Flight Unit. Identified Imp. VTOL Module. Acquired Reaction Control System. Acquired Hvy. Particle Cannon. W-25 Informer sends out distress signal. T-07 Excavator is excavating. Acquired Maul. Acquired EM Pulse Cannon. Critical hit (Burn: +37). Lgt. Ion Engine destroyed. Flight Unit destroyed. Map ----- +----------------------------------------------------+ | ????????????????????????????????????????? | | ????????????????????????????????????????? | | ????????????????????????????????????????? | | ????????????????????????????????????????? | | ????????????????????????????????????????? | | ????????????????????????????????????????? | | ????????????????????????????????????????? | | ????????????????????????????????????????? | | ????????????????????????????????????????? | | ????????????????????????????????????????? | | ????????????????????????????????????????? | | ????????????????????????????????????????? | | ????????????????????????????????????????? | | ????????????????????????????????????????? | | ????????????????????????????????????????? | | ????????????????????????????????????????? | | ????????????????????????????????????? ? | | ????????????????????????????????????# ? | | ??????????????????????????? ????????# ? | | ??????????????????????????? ????????# ? | | ??????????????????????????? ????????# ? | | ??????????????????????????? #???????# # | | ??????????????##########??? ??g???? + | | ??????????????# s #??? ???????# # | | ??????????????# """ #??? ???????# # | | ??????????????# @""" #??# ???????# # | | ??????????????# """ #??# #???????# # | | ??????????????# s #??# #?????### # | | ??????????????#gg""" #??# #?????# # # | | ??????????????#gY""" ^ #??# #??????# # | | ??????????????+ """ #### #???????# | | ????????????? # + #???????# # | | ???????????? ####+##### #???????# # | | ????????????#???? ?#### ##########+## | | ????????????? s + | | ???????????? ####### | | ?????????????### !######?????# | | ???????????????####????????????# " """ | | ???????????????????????????????# """""" | | ???????????????????????????????# """ " | | ???????????????????????????????########## | | | | | | | | | | | | | | | | | | | +----------------------------------------------------+ Best States ------------- Heat Dissipation 31 Energy Generation 22 Energy Capacity 150 Matter Stores 300 Matter Capacity 300 Sight Range 16 Robot Scan Range 15 Terrain Scan Density 10 Armor Coverage 160 Evasion (%) 64 Item Schematics ----------------- None Robot Schematics ------------------ None Fabricated ------------ Nothing Alien Tech Used ----------------- None Achievements -------------- None Challenges ------------ None Game ------ Seed HackingAbsorptionInsulator Manual? 0 Play Time 00:18:18 Cumulative 8.4 hours Start 2024.07.12 @ 19:04:43 End 2024.07.12 @ 19:22:50 Sessions 1 Manual Loads 0 Difficulty Rogue Special Mode None Game No. 22 Rogue 22 Adventurer 0 Explorer 0 Win Type - Total 0 Types 0/0/0/0/0/0/0/0/0 Lore% 15 Gallery% 11 Achievement% 13 Wizard Run 0 Options --------- Layout 1 ASCII 0 Keyboard 0 Movement Arrows Keybinds 0 Fullscreen 1 Font 28/Dina Map View 50x43 Zoom Use 0% Tactical HUD 0 Map Filters NONE Filters NONE Steam X RUN: a1097ea5-f01a-45ef-a4e7-0e347bdaf84f